 Dungeon Crawl Stone Soup version 0.30-b1-2-g02819fbbbe (webtiles) character file.

Game seed: 16320365793098330687

121706 Mesmaeker13 the Spear-Bearer (level 15, -2/132 HPs)
             Began as a Demigod Reaver on July 15, 2023.
             Slain by a seven-headed hydra (12 damage)
             ... on level 3 of the Lair of Beasts.
             The game lasted 01:22:35 (29306 turns).

Mesmaeker13 the Spear-Bearer (Demigod Reaver)      Turns: 29306, Time: 01:22:36

Health: -2/132     AC: 18    Str: 27    XL:     15   Next: 85%
Magic:  30/30      EV: 11    Int: 30    God:
Gold:   2805       SH:  5    Dex: 12    Spells: 14/29 levels left

rFire   + . .        R - +2 trident (spect)
rCold   . . .        (no shield)
rNeg    + . .        Y - +2 scale mail {rF+}
rPois   +            I - +2 hat
rElec   .            F - scarf {repulsion}
rCorr   +            A - +1 pair of gloves "Hycodish" {rN+ Slay+6}
SInv    .            w - +1 pair of boots
Will    +....        u - amulet of reflection
Stlth   x              - ring of poison resistance
HPRegen 0.42/turn    J - ring "Vaetraif" {rCorr Str+6 Int+3}
MPRegen 0.22/turn

%: repel missiles, reflection
@: about to teleport, invisible, very slow
A: high MP 1, forlorn, divine attributes
a: no special abilities


You were on level 3 of the Lair of Beasts.
You visited 4 branches of the dungeon, and saw 23 of its levels.
You also visited: Bailey and Ice Cave.

You collected 3825 gold pieces.
You spent 1020 gold pieces at shops.

Inventory:

Hand Weapons
 j - the +10 halberd of Gaugid {freeze, rF+ Int+3}
   (You found it on level 4 of the Dungeon)

   Int:       It affects your intelligence (+3).
   rF:        It protects you from fire.
 R - a +2 spectral trident (weapon)
 X - a +0 hand crossbow of freezing
Armour
 b - a +0 kite shield of reflection
 i - a +2 buckler of fire resistance
 w - a +1 pair of boots (worn)
 A - the +1 pair of gloves "Hycodish" (worn) {rN+ Slay+6}
   (You acquired it on level 1 of the Lair of Beasts)

   Slay:      It affects your accuracy & damage with ranged weapons and melee
   (+6).
   rN:        It protects you from negative energy.
 B - +0 ice dragon scales
 F - a scarf of repulsion (worn)
 I - a +2 hat (worn)
 Y - a +2 scale mail of fire resistance (worn)
Jewellery
 u - an amulet of reflection (around neck)
 x - a ring of poison resistance (left hand)
 y - a ring of protection from fire
 D - a +5 ring of evasion
 J - the ring "Vaetraif" (right hand) {rCorr Str+6 Int+3}
   (You acquired it on level 1 of the Lair of Beasts)

   [ring of strength]

   Str:       It affects your strength (+6).
   Int:       It affects your intelligence (+3).
   rCorr:     It protects you from acid and corrosion.
 T - a ring of ice
Wands
 S - a wand of digging (10)
 V - a wand of flame (32)
Scrolls
 d - 3 scrolls of teleportation
 g - 2 scrolls of silence
 m - 4 scrolls of fear {unknown}
 o - 3 scrolls of immolation
 p - a scroll of amnesia {unknown}
 q - 4 scrolls of magic mapping
 t - 3 scrolls of summoning
 N - 2 scrolls of poison
 O - 4 scrolls of fog {unknown}
 P - 3 scrolls of enchant weapon {unknown}
Potions
 c - a potion of degeneration {unknown}
 e - 2 potions of heal wounds
 k - 6 potions of curing
 l - 8 potions of ambrosia
 r - 3 potions of cancellation
 s - 2 potions of flight
 v - a potion of might
 z - 3 potions of mutation {unknown}
 C - 2 potions of resistance {unknown}
 E - 2 potions of berserk rage {unknown}
 G - 3 potions of haste
 L - a potion of lignification {unknown}
 Q - a potion of brilliance {unknown}
 U - 2 potions of magic {unknown}
Miscellaneous
 n - a phial of floods (inert)
 M - a lightning rod (1/4)
 Z - a box of beasts (quivered)


   Skills:
 - Level 12.0 Fighting
 - Level 3.1 Maces & Flails
 + Level 12.4 Polearms
 + Level 11.8 Armour
 - Level 3.3 Dodging
 - Level 7.5 Spellcasting
 - Level 6.1 Conjurations
 - Level 9.0 Summonings
 - Level 3.0 Necromancy
 + Level 9.5 Transmutations
 * Level 8.4 Poison Magic


You had 14 spell levels left.
You knew the following spells:

 Your Spells              Type           Power      Damage    Failure   Level
a - Kiss of Death         Conj/Necr      100%       2d13      1%          1
b - Call Canine Familiar  Summ           60%        N/A       1%          3
c - Wereblood             Tmut           62%        N/A       1%          2
d - Eringya's Noxious Bo  Tmut/Pois      30%        N/A       32%         6
e - Ignite Poison         Fire/Tmut/Pois 47%        N/A       2%          3

Your spell library contained the following spells:

 Spells                   Type           Power      Damage    Failure   Level
 Magic Dart               Conj           100%       1d8       1%          1
 Call Imp                 Summ           100%       N/A       1%          2
 Shock                    Conj/Air       100%       1d9       2%          1
 Momentum Strike          Conj/Tloc      58%        3d9       3%          2
 Sublimation of Blood     Necr           29%        N/A       3%          2
 Mephitic Cloud           Conj/Pois/Air  40%        N/A       3%          3
 Hailstorm                Conj/Ice       29%        3d8       7%          3
 Freeze                   Ice            44%        1d6       9%          1
 Ice Form                 Ice/Tmut       39%        N/A       12%         4
 Ensorcelled Hibernation  Hex/Ice        22%        N/A       13%         2
 Summon Ice Beast         Ice/Summ       38%        N/A       13%         4
 Sticky Flame             Conj/Fire      29%        2d5       24%         4
 Frozen Ramparts          Ice            22%        1d4       26%         3
 Portal Projectile        Hex/Tloc       22%        N/A       26%         3
 Swiftness                Air            11%        N/A       26%         3
 Vhi's Electric Charge    Tloc/Air       22%        N/A       26%         3
 Anguish                  Hex/Necr       10%        N/A       41%         4
 Arcjolt                  Conj/Air       14%        1d24      54%         5
 Airstrike                Air            5%         2d(1-17)  63%         4
 Leda's Liquefaction      Hex/Erth       5%         N/A       63%         4
 Summon Hydra             Summ           30%        N/A       87%         7
 Statue Form              Tmut/Erth      26%        N/A       88%         6
 Simulacrum               Ice/Necr       10%        N/A       100%        6
 Enfeeble                 Hex            5%         N/A       100%        7
 Ignition                 Fire           5%         3d4       100%        8
 Maxwell's Capacitive Co  Air            5%         ∞         100%        8


Dungeon Overview and Level Annotations

Branches:
Dungeon (15/15)            Temple (0/1) D:6            Lair (5/5) D:9
  Swamp (1/4) Lair:3        Snake (0/4) Lair:2        Slime (0/5) Lair:5
    Orc (2/2) D:11            Elf (0/3) Orc:2        Vaults (0/5) D:14
 Bailey (visited)           IceCv (visited)
 Depths: D:15

Shops:
D:4 (   D:8 ?   D:12 =   D:14 *   Orc:1 !   Orc:2 :!=[!

Annotations:
D:10 3 exclusions
D:12 Azrael, Rupert
Lair:5 exclusion: 2 oklob plants
Orc:2 3 exclusions


Innate Abilities, Weirdness & Mutations

You have an increased reservoir of magic. (+10% MP)
You shall have no god before yourself.
Your divine heritage dramatically boosts your attributes as you level up.


Message History

The seven-headed hydra closely misses you.
The seven-headed hydra bites you!
* * * LOW HITPOINT WARNING * * *
You feel much better.
The seven-headed hydra is no longer encased in ice.
Your bullfrog hits the seven-headed hydra.
The seven-headed hydra barely misses your bullfrog.
The seven-headed hydra bites your bullfrog!!
Your bullfrog dies!
Your bullfrog's corpse dissolves into shadows!
The seven-headed hydra closely misses you.
You block the seven-headed hydra's attack.
The seven-headed hydra bites you but does no damage.
The seven-headed hydra bites you!
* * * LOW HITPOINT WARNING * * *
The seven-headed hydra bites you!
* * * LOW HITPOINT WARNING * * *
As you read the scroll of teleportation, it crumbles to dust.
You feel strangely unstable.
The seven-headed hydra barely misses you. x2
The seven-headed hydra bites you but does no damage.
The seven-headed hydra bites you.
* * * LOW HITPOINT WARNING * * *
The seven-headed hydra bites you.
* * * LOW HITPOINT WARNING * * *
The seven-headed hydra bites you but does no damage.
The seven-headed hydra bites you.
* * * LOW HITPOINT WARNING * * *
Unknown command.
You feel much better.
The seven-headed hydra bites you but does no damage.
You block the seven-headed hydra's attack.
The seven-headed hydra closely misses you.
The seven-headed hydra completely misses you.
The seven-headed hydra bites you!
* * * LOW HITPOINT WARNING * * *
The seven-headed hydra bites you!
* * * LOW HITPOINT WARNING * * *
The seven-headed hydra bites you!
You die...

...##.......P..##...#
...##.....#P....#...##
...##................#
....#...........♣....#
..........PP.♣♣.♣♣..##
###.........♣♣~§≈♣♣.#
#P##........♣§§~§♣♣.##
............♣♣§§≈♣♣..#
............♣♣§D@≈♣.##
............♣♣§§§♣♣†#
.............♣♣♣♣♣†.#
#.#.................#
#..#..[.###....#.#..#
..#.....###..####...##
...#....##...........#
..#.....#.......#...##
...#.....#...........#


You could see a seven-headed hydra (strong).

Vanquished Creatures
  Gastronok (D:9)
  Donald (Orc:2)
  A frost giant (IceCv)
  2 orc warlords (Orc:2)
  Nessos (D:14)
  A fire dragon (Lair:5)
  Fannar (D:11)
  2 catoblepae
  6 hydras
  3 boulder beetles
  4 two-headed ogres
  4 centaur warriors
  13 death yaks
  2 tengu warriors (D:13)
  An orc high priest (Orc:2)
  Urug (Orc:2)
  3 skysharks (Lair:2)
  3 skeletal warriors (D:13)
  Amaemon (D:9)
  A spriggan druid (Swamp:1)
  A swamp dragon (Lair:5)
  Pikel (D:8)
  2 lindwurms (Lair:5)
  A deep elf pyromancer (D:14)
  6 orc knights
  16 ugly things
  11 orc sorcerers
  An oklob plant (Lair:2)
  3 manticores
  3 cyclopes
  An ice statue (IceCv)
  5 elephants
  Joseph (D:8)
  7 torpor snails (Lair:5)
  2 black mambas
  3 gargoyles
  6 cane toads
  An orange demon (D:9)
  4 kobold demonologists
  8 komodo dragons
  8 rime drakes
  A queen bee (Lair:1)
  A meliai (shapeshifter) (D:13)
  8 trolls
  2 ice devils (D:13)
  12 polar bears
  5 tyrant leeches
  6 saltlings (Orc:2)
  6 hornets (Lair:5)
  A dream sheep (Lair:5)
  9 blink frogs
  Sigmund (D:6)
  A centaur simulacrum (D:15)
  9 slime creatures
  A shadow (D:10)
  5 wraiths
  88 yaks
  A vampire (D:13)
  6 basilisks
  A fire elemental (D:12)
  4 wyverns
  Grum (D:11)
  4 steam dragons
  7 vampire mosquitoes
  A swamp worm (shapeshifter) (D:14)
  4 wargs (Orc:2)
  3 acid dragons
  11 water moccasins
  2 hell hounds (D:12)
  A swamp worm (Lair:3)
  33 orc warriors
  3 black bears
  2 sky beasts
  7 ogres
  32 wolves
  10 centaurs
  A lemure (D:8)
  2 phantoms
  2 kobold brigands
  7 bullfrogs
  2 scorpions
  5 gnoll sergeants
  30 killer bees
  7 electric eels
  2 howler monkeys
  A hound (D:5)
  2 jellies (D:5)
  21 orc priests
  5 iguanas
  22 orc wizards
  18 gnolls
  6 adders
  A white imp (D:7)
  A worm (D:4)
  A dart slug (D:3)
  87 orcs
  2 bats
  6 endoplasms
  5 giant cockroaches
  15 goblins
  13 hobgoblins
  3 jackals (D:4)
  5 quokkas
  11 ball pythons
  2 frilled lizards (D:1)
  14 kobolds
  3 rats
734 creatures vanquished.

Vanquished Creatures (collateral kills)
  An ice dragon (Lair:5)
  An ogre mage (D:15)
  3 hydras
  2 boulder beetles
  A death yak (Lair:3)
  A two-headed ogre (D:15)
  A skeletal warrior (D:13)
  4 slime creatures
  An elephant (Lair:5)
  2 black mambas (Lair:5)
  2 unseen horrors
  2 dream sheep (Lair:5)
  3 yaks
  A basilisk (Lair:5)
  A vampire mosquito (D:10)
  A water moccasin (Lair:5)
  An orc warrior (Orc:1)
  6 ogres
  An orc wizard (Orc:1)
  A gnoll (D:12)
  2 orcs (Orc:2)
38 creatures vanquished.

Vanquished Creatures (others)
  Lodul (D:12)
  An orc knight (Orc:2)
  2 hell hounds (D:12)
  An ogre (D:12)
  A bullfrog (Lair:4)
  A goblin (Bailey)
  A bush (Lair:2)
  25 fungi
  12 pillars of salt (Orc:2)
  85 plants
  A spectral weapon (Lair:5)
131 creatures vanquished.

Grand Total: 903 creatures vanquished

Notes
Turn   | Place    | Note
-------+----------+-------------------------------------------
     0 | D:1      | Mesmaeker13 the Demigod Reaver began the quest for the Orb.
     0 | D:1      | Reached XP level 1. HP: 17/17 MP: 5/5
   471 | D:1      | Reached XP level 2. HP: 22/24 MP: 7/7
  1170 | D:2      | Reached XP level 3. HP: 16/29 MP: 8/8
  1669 | D:3      | Noticed a scorpion
  1678 | D:3      | Killed a scorpion
  1679 | D:3      | Reached XP level 4. HP: 31/37 MP: 7/10
  1900 | D:4      | Identified the +10 halberd of Gaugid {freeze, rF+ Int+3}
  2025 | D:4      | Reached XP level 5. HP: 42/42 MP: 11/11
  2184 | D:4      | Reached skill level 1 in Polearms
  2274 | D:4      | Found Ycoul's Antique Weapon Shop.
  2689 | D:4      | Reached XP level 6. HP: 51/51 MP: 13/13
  2865 | D:5      | Entered Level 5 of the Dungeon
  2874 | D:4      | Reached skill level 1 in Necromancy
  3146 | D:5      | Learned a level 3 spell: Call Canine Familiar
  3700 | D:6      | Reached XP level 7. HP: 45/57 MP: 15/15
  3792 | D:6      | Reached skill level 1 in Armour
  3792 | D:6      | Reached skill level 1 in Summonings
  3965 | D:6      | Noticed Sigmund
  3970 | D:6      | Killed Sigmund
  4591 | D:6      | Found a staircase to the Ecumenical Temple.
  4757 | D:7      | Reached XP level 8. HP: 66/66 MP: 15/17
  6120 | D:8      | Found Xoygy's Magic Scroll Boutique.
  6380 | D:8      | Reached skill level 5 in Fighting
  6551 | D:8      | Noticed Joseph
  6576 | D:8      | Killed Joseph
  6577 | D:8      | Reached XP level 9. HP: 49/74 MP: 19/19
  6776 | D:8      | Noticed Pikel
  6796 | D:8      | Killed Pikel
  6797 | D:8      | Reached skill level 5 in Spellcasting
  7143 | D:9      | Noticed Gastronok
  7274 | D:9      | Reached skill level 5 in Polearms
  7314 | D:9      | Found a flagged portal.
  7329 | Bailey   | Entered a bailey
  7839 | Bailey   | Learned a level 2 spell: Wereblood
  7919 | Bailey   | Noticed a kobold demonologist
  7929 | Bailey   | Killed a kobold demonologist
  8194 | Bailey   | Reached skill level 5 in Armour
  8200 | Bailey   | Reached skill level 5 in Summonings
  8200 | Bailey   | Reached XP level 10. HP: 79/83 MP: 22/22
  8261 | Bailey   | Identified the +5 quarterstaff of Xadiw {venom, Will+ Int+2
                  | Dex+3 Stlth+}
  8895 | D:9      | Reached skill level 5 in Conjurations
  8895 | D:9      | Reached XP level 11. HP: 92/92 MP: 24/24
  8910 | D:9      | Killed Gastronok
  9019 | D:9      | Noticed a two-headed ogre
  9264 | D:9      | Killed a two-headed ogre
  9340 | D:9      | Identified the +1 hand axe of the Ancient Wishes {venom,
                  | rPois}
  9344 | D:9      | Noticed Amaemon
  9355 | D:9      | Killed Amaemon
  9520 | D:9      | Found a staircase to the Lair.
  9580 | Lair:1   | Entered Level 1 of the Lair of Beasts
 10358 | Lair:1   | Reached skill level 1 in Transmutations
 10891 | Lair:1   | Reached XP level 12. HP: 103/103 MP: 20/25
 11430 | Lair:1   | Acquired 780 gold pieces
 11435 | Lair:1   | Acquired the ring "Vaetraif" {rCorr Str+6 Int+3}
 11442 | Lair:1   | Acquired the +1 pair of gloves "Hycodish" {rN+ Slay+6}
 11554 | Lair:2   | Noticed a four-headed hydra
 11560 | Lair:2   | Killed a nine-headed hydra
 11896 | Lair:2   | Found a staircase to the Snake Pit.
 12364 | Lair:2   | Got Geletidgh's Incunable of Forms and the Tundra
 12920 | Lair:3   | Reached XP level 13. HP: 95/111 MP: 21/26
 13082 | Lair:3   | Reached skill level 5 in Transmutations
 13767 | Lair:3   | Reached skill level 10 in Polearms
 13771 | Lair:3   | Reached skill level 10 in Fighting
 13877 | Lair:3   | Found a staircase to the Swamp.
 14588 | D:4      | Bought a glowing trident for 214 gold pieces
 15853 | Lair:5   | Entered Level 5 of the Lair of Beasts
 15955 | Lair:5   | Found a staircase to the Slime Pits.
 17360 | Lair:5   | Reached XP level 14. HP: 122/122 MP: 29/29
 17479 | Lair:5   | Found a runed translucent door.
 17484 | Lair:5   | Reached skill level 10 in Armour
 17515 | Lair:5   | Paralysed by a hornet for 2 turns
 17542 | Lair:5   | Paralysed by a hornet for 3 turns
 18534 | D:9      | Learned a level 6 spell: Eringya's Noxious Bog
 18535 | D:10     | Entered Level 10 of the Dungeon
 18601 | D:10     | Reached skill level 1 in Poison Magic
 20077 | D:11     | Noticed Grum
 20082 | D:11     | Killed Grum
 20092 | D:11     | Found a staircase to the Orcish Mines.
 20137 | D:11     | Noticed Fannar
 20148 | D:11     | Killed Fannar
 20739 | D:12     | Found Xiak's Jewellery Emporium.
 20827 | D:12     | Noticed Lodul
 20842 | D:12     | Your ally Lodul died
 20954 | D:12     | Noticed Azrael
 21230 | Orc:1    | Entered Level 1 of the Orcish Mines
 21339 | Orc:1    | Found Apos Rec's Distillery.
 21673 | Orc:2    | Entered Level 2 of the Orcish Mines
 21820 | Orc:2    | Noticed Urug
 21831 | Orc:2    | Killed Urug
 21971 | Orc:2    | Paralysed by an orc sorcerer for 3 turns
 22129 | Orc:2    | Found a staircase to the Elven Halls.
 22170 | Orc:2    | Found Kovuasm's Book Shop.
 22205 | Orc:2    | Noticed Donald
 22383 | Orc:2    | HP: 6/124 [Donald/+2 demon trident of freezing (6)]
 22867 | D:12     | Noticed Rupert
 22955 | D:13     | Found a frozen archway.
 23038 | IceCv    | Entered an ice cave
 23289 | IceCv    | Reached skill level 5 in Poison Magic
 23648 | IceCv    | Reached XP level 15. HP: 130/130 MP: 30/30
 25817 | D:14     | Found Nuejoi's Assorted Antiques.
 25827 | D:14     | Bought a scroll of identify for 60 gold pieces
 26501 | D:14     | Noticed Nessos
 26507 | D:14     | Killed Nessos
 26673 | D:14     | Found a gate to the Vaults.
 26679 | D:14     | Identified the +1 spear "Otemen" {flame, rElec Int+4}
 26711 | D:15     | Entered Level 15 of the Dungeon
 27402 | Orc:2    | Killed Donald
 28018 | Orc:2    | Found Oqeqaq's Distillery.
 28023 | Orc:2    | Bought a potion of heal wounds for 70 gold pieces
 28098 | Orc:2    | Found Gadeikk's Distillery.
 28249 | Orc:2    | Found Poaneaney's Armour Shoppe.
 28259 | Orc:2    | Bought a potion of invisibility for 136 gold pieces
 28347 | Orc:2    | Found Asteat's Jewellery Shoppe.
 29036 | Orc:2    | Bought an Everburning Encyclopedia for 540 gold pieces
 29061 | Orc:1    | Learned a level 3 spell: Ignite Poison
 29291 | Swamp:1  | Entered Level 1 of the Swamp
 29306 | Lair:3   | Slain by a seven-headed hydra

Illustrated notes

Levels and vault maps discovered:
D:1:      nicolae_arrival_escape_room, layout_rooms,
          shapermc_ecumenical_altar_starsandcircs
D:2:      layout_rooms
D:3:      layout_rooms, grunt_decor_resistance, kennysheep_nondescript
D:4:      layout_cave_pods, serial_shops, shop
D:5:      layout_basic
D:6:      layout_basic, minmay_temple_entry_fiery, uniq_sigmund
D:7:      layout_basic, nicolae_uskayaw_suspiria, serial_bayou_ford_a
D:8:      layout_basic, nicolae_hepliaklqana_hazy_memory, serial_shops, shop,
          kennysheep_small_square, uniq_pikel, uniq_joseph
D:9:      layout_cave_pools, david_lair_shrubbed, enter_bailey_4,
          minmay_diced_spiral, uniq_gastronok, uniq_amaemon
D:10:     nzn_winding_woodlands_small [nzn_winding_woodlands_5x15_eye,
          nzn_winding_woodlands_center_pierced_h,
          nzn_winding_woodlands_5x15_split_checker], layout_loops_corners
D:11:     layout_roguey, orc_0_dummy, nicolae_zen_rock_garden, uniq_fannar,
          uniq_grum
D:12:     layout_stronghold, serial_shops, shop, ebering_ghost_inner_flame,
          nicolae_straight_to_the_point, uniq_azrael, uniq_lodul, uniq_rupert
D:13:     layout_layer_cave, portal_ice_cave_demonic_guard, serial_park_tiny_1,
          pdpol_wu_jian_five_deadly_venoms
D:14:     layout_basic, david_vaults_4, serial_shops, shop, uniq_nessos
D:15:     gammafunk_depths_entry_grave, layout_small_grid,
          minmay_stone_trees_small, tgw_xom
Lair:1:   layout_gridlike, special_room [special_room_bee], grunt_megastairs_3
Lair:2:   layout_misc_corridors, dummy_snake_entry, infiniplex_staircase_pool_2,
          serial_bayou_shore_b
Lair:3:   hellmonk_destroyed_diamonds, layout_regular_city,
          minmay_swamp_entry_worms
Lair:4:   layout_cave_pods, serial_bayou_shore_b, infiniplex_staircase_pool
Lair:5:   guppyfry_lair_end_dragon, layout_cellular_growth, wormcave,
          slime_entry_1, dpeg_oklob_1
Swamp:1:  layout_basic_swamp, serial_swamp_ruin, evilmike_swamp_ruin_house_5,
          evilmike_swamp_ruin_wall
Orc:1:    layout_diamond_mine, basic_altar, serial_shops,
          nicolae_shop_industrial_runoff, mines4_lemuel
Orc:2:    hellmonk_orc_salted, layout_diamond_mine, serial_shops,
          nicolae_book_shop_shelving, minmay_orc_temple_b, uniq_donald,
          uniq_urug

Skill      XL: |  1  2  3  4  5  6  7  8  9 10 11 12 13 14 15 |
---------------+----------------------------------------------+-----
Dodging        | 2 3 |  3.3
Spellcasting   | 2 3 4 5 6 7 |  7.5
Fighting       | 2 3 4 5 6 7 8 9 10 11 12 | 12.0
Conjurations   | 3 4 5 6 |  6.1
Maces & Flails | 3 |  3.1
Polearms       | 1 2 4 5 7 8 9 10 11 12 | 12.4
Necromancy     | 1 2 3 |  3.0
Armour         | 2 3 5 6 7 8 9 11 | 11.8
Summonings     | 2 3 5 6 7 8 9 |  9.0
Transmutations | 2 4 6 8 9 |  9.5
Poison Magic   | 5 8 |  8.4

Action                     |  1- 3 |  4- 6 |  7- 9 | 10-12 | 13-15 || total
---------------------------+-------+-------+-------+-------+-------++-------
  Melee: Mace              |    20 |       |       |       |       ||    20
         Short sword       |   102 |    25 |       |       |       ||   127
         Punch             |     1 |       |       |       |     1 ||     2
         Halberd           |       |    71 |   231 |   430 |  1131 ||  1863
         Trident           |       |       |       |       |    38 ||    38
  Throw: Dart              |       |       |     4 |     4 |     2 ||    10
   Cast: Kiss of Death     |     1 |       |     1 |       |       ||     2
         Wereblood         |       |       |     3 |    30 |    72 ||   105
         Call Canine Famil |       |       |       |     4 |    87 ||    91
         Eringya's Noxious |       |       |       |       |     3 ||     3
  Evoke: Wand              |       |       |     9 |     8 |    33 ||    50
         Lightning rod     |       |       |       |     2 |    22 ||    24
         Phial of floods   |       |       |       |       |     4 ||     4
         Box of beasts     |       |       |       |       |     1 ||     1
         Piece from Xom's  |       |       |       |       |     1 ||     1
    Use: Scroll            |       |     3 |     2 |    10 |    21 ||    36
         Potion            |       |       |       |     3 |    15 ||    18
   Stab: Sleeping          |       |     2 |       |       |       ||     2
         Distracted        |       |       |     1 |       |     4 ||     5
         Petrifying        |       |       |       |       |     2 ||     2
         Petrified         |       |       |       |       |     2 ||     2
 Armour: Leather armour    |    30 |    26 |    24 |       |       ||    80
         Ring mail         |       |       |    26 |   140 |   220 ||   386
         Scale mail        |       |       |       |       |    84 ||    84
  Dodge: Dodged            |    54 |    37 |   151 |   340 |   614 ||  1196
         Repelled          |       |       |     1 |     3 |    24 ||    28
  Block: Other             |       |       |       |    39 |   117 ||   156
         Reflection        |       |       |       |       |     8 ||     8
